Map: Fracture LE

Players

BeefWallet

  • Race: Terran Terran
  • League: Diamond
  • Spawn Location: 11:00

Nojoke - Winner!

  • Race: Terran Terran
  • League: Diamond
  • Spawn Location: 5:00

VOD

Have the link to the VOD?

Description

opponent thought i left the match and i came back

Time

  • Played on: Aug. 15, 2018, 1:07 p.m.
  • Length: 21:42
Show
View Real Time Build Order
Export as new Build Order

BeefWallet Terran 

Build Orders: Reaper Expand 

Get SALT Encoding   

  12  0:00  SCV  
  13  0:12  SCV  
  14  0:17  Supply Depot  
  14  0:24  SCV  
  14  0:28  Refinery  
  15  0:38  SCV  
  16  0:45  Barracks  
  16  0:51  SCV  
  17  1:03  SCV  
  18  1:15  SCV  
  19  1:31  Orbital Command  
  19  1:33  Reaper  
  20  1:51  Command Center  
  20  2:03  Factory  
  20  2:05  SCV  
  21  2:11  Barracks Reactor  
  21  2:18  SCV  
  21  2:20  Supply Depot  
  22  2:30  Refinery  
  22  2:31  SCV  
  22  2:52  SCV  
  23  3:02  Cyclone, Marine  
  23  3:05  SCV  
  28  3:17  SCV  
  30  3:22  Orbital Command  
  30  3:26  Marine  
  30  3:28  Cyclone  
  30  3:30  SCV  
  34  3:35  Barracks  
  34  3:38  Refinery  
  34  3:45  SCV  
  34  3:47  Cyclone  
  34  3:48  Marine  
  39  3:52  SCV  
  40  3:57  SCV  
  41  4:05  SCV  
  41  4:09  SCV  
  43  4:14  Cyclone  
  46  4:17  Supply Depot  
  46  4:24  Supply Depot  
  46  4:30  Factory  
  46  4:34  Engineering Bay  
  46  4:39  SCV x2, Marine x2  
  50  4:50  Cyclone, Refinery  
  50  4:51  SCV x2  
  50  4:52  Cyclone  
  58  5:05  Marine  
  58  5:06  Marine  
  60  5:28  Cyclone x2  
  60  5:36  Cyclone  
  60  5:40  Marine  
  62  5:45  Marine  
  56  6:00  Cyclone  
  59  6:07  Cyclone  
  62  6:14  Marine  
  62  6:17  Marine  
  62  6:20  Cyclone  
  62  6:24  SCV x2  
  61  6:28  Supply Depot  
  61  6:29  Supply Depot  
  61  6:32  Cyclone, Marine  
  62  6:40  SCV  
  62  6:46  Marine  
  60  6:50  Marine  
  53  8:48  Cyclone x2  
  53  8:49  Cyclone, Marine x2  
  64  8:58  SCV x2  
  66  9:07  Marine x2  
  66  9:09  Factory  
  68  9:10  Factory  
  68  9:11  Starport  
  65  9:20  Cyclone  
  62  9:24  Cyclone x2  
  62  9:25  Marine x2  
  69  9:33  SCV x2  
  71  9:45  SCV  
  72  9:46  SCV  
  76  9:52  Cyclone  
  76  9:57  SCV  
  76  9:59  Marine  
  77  10:00  Command Center  
  77  10:02  Factory Tech Lab x2  
  78  10:08  Supply Depot  
  78  10:09  Supply Depot x3  
  78  10:10  Supply Depot x3  
  78  10:17  Starport Reactor  
  78  10:21  Barracks Tech Lab x2  
  78  10:30  Cyclone x3  
  78  10:34  SCV x2  
  89  10:42  Siege Tank  
  92  10:43  Siege Tank  
  92  10:45  Marauder x2  
  92  10:46  SCV, Concussive Shells  
  92  10:47  Stimpack  
  96  11:16  Siege Tank  
  96  11:17  Siege Tank, Factory Tech Lab  
  99  11:19  Marauder x2  
  99  11:20  Medivac x2  
  99  11:21  SCV x2  
  109  11:28  Refinery  
  109  11:32  Orbital Command  
  109  11:33  SCV x2  
  111  11:45  SCV x2  
  113  11:47  Engineering Bay  
  113  11:49  Armory  
  113  11:50  Refinery  
  113  11:57  SCV  
  113  11:58  SCV  
  79  12:28  Cyclone x2  
  79  12:29  Cyclone x3  
  85  12:32  Marauder x2  
  66  12:45  SCV x2  
  68  12:54  Marauder x2  
  72  13:00  Cyclone  
  63  13:15  Marauder x2  
  63  13:19  SCV x2  
  69  13:36  Marauder  
  71  13:44  SCV x2  
  71  13:46  Siege Tank x3  
  71  13:47  Marauder  
  84  13:56  SCV  
  85  14:22  Orbital Command  
  85  14:28  Siege Tank x3  
  85  14:29  SCV  
  95  14:35  SCV  
  96  14:41  SCV  
  97  14:47  SCV  
  97  14:51  SCV  
  99  14:53  SCV  
  100  15:04  Terran Infantry Weapons Level 1, Terran Infantry Armor Level 1  
  100  15:05  Terran Vehicle Weapons Level 1  
  100  15:10  SCV x3  
  103  15:22  SCV x2, Missile Turret  
  103  15:25  Missile Turret  
  99  15:53  Siege Tank x2  
  99  15:54  Siege Tank  
  99  15:55  SCV x2, Marauder x2  
  114  15:58  Refinery  
  114  16:10  Barracks, Medivac x2  
  118  16:13  Starport  
  118  16:15  Command Center  
  118  16:16  Marauder  
  120  16:44  SCV x2  
  122  16:48  Armory  
  122  16:51  Cyclone x5  
  122  16:52  SCV  
  138  16:56  SCV x2  
  140  17:04  SCV  
  140  17:08  SCV x2  
  143  17:16  SCV  
  143  17:20  SCV  
  145  17:23  Cyclone  
  129  17:35  Cyclone x2  
  129  17:36  Cyclone x2  
  108  17:40  Marauder x2, Liberator  
  108  17:41  Liberator x2  
  92  17:56  Marine  
  102  18:01  Marine x2  
  101  18:13  Marine  
  101  18:14  SCV  
  101  18:15  SCV x2  
  101  18:17  Orbital Command  
  101  18:19  Refinery  
  105  18:20  Refinery  
  105  18:26  SCV  
  105  18:27  SCV  
  107  18:29  Terran Infantry Weapons Level 2  
  107  18:31  Terran Vehicle And Ship Armor Level 1  
  107  18:36  SCV  
  107  18:39  SCV x2  
  110  18:48  SCV  
  111  18:54  Starport Tech Lab  
  111  18:56  Barracks Tech Lab  
  111  18:57  Combat Shields  
  111  19:00  Marauder x2  
  111  19:02  Cyclone  
  118  19:03  SCV  
  118  19:04  SCV x3  
  122  19:15  SCV  
  122  19:16  SCV  
  116  19:34  SCV x2  
  116  19:35  SCV, Siege Tank  
  116  19:36  Siege Tank x2, Cyclone  
  114  20:08  Cyclone x4  
  114  20:09  Cyclone, Marine x3  
  107  20:27  Marine  
  96  20:33  Missile Turret  
  96  20:35  SCV x3  
Show
View Real Time Build Order
Export as new Build Order

Nojoke Terran - Winner!

Build Orders: Reaper Expand 

Get SALT Encoding   

  12  0:00  SCV  
  13  0:13  SCV  
  14  0:19  Supply Depot  
  14  0:25  SCV  
  15  0:41  Barracks, SCV  
  16  0:46  Refinery  
  16  0:53  SCV  
  17  1:05  SCV  
  18  1:17  SCV  
  18  1:29  Reaper  
  18  1:30  Orbital Command  
  19  1:49  Command Center  
  19  1:57  SCV  
  20  2:03  Supply Depot  
  20  2:09  SCV  
  20  2:15  Factory  
  21  2:19  Refinery  
  21  2:21  SCV  
  22  2:23  Barracks Reactor  
  22  2:33  SCV  
  23  2:45  SCV  
  23  2:57  SCV  
  24  3:10  Armory, SCV  
  25  3:14  Hellion x2  
  25  3:15  Barracks Tech Lab  
  29  3:20  Barracks  
  29  3:22  SCV  
  31  3:28  Orbital Command  
  31  3:29  Starport  
  31  3:34  SCV  
  31  3:46  SCV  
  32  3:50  Supply Depot  
  32  3:52  Siege Tank  
  32  3:55  Marine  
  35  3:58  SCV  
  37  4:05  SCV  
  36  4:10  SCV  
  36  4:16  Barracks Tech Lab  
  37  4:17  Starport Reactor  
  37  4:20  Barracks, SCV  
  37  4:22  SCV  
  39  4:29  Marine x2  
  41  4:32  SCV  
  41  4:34  SCV, Supply Depot  
  41  4:37  Stimpack  
  43  4:44  SCV  
  44  4:46  SCV  
  44  4:48  Supply Depot  
  44  4:52  Siege Tank  
  48  4:56  SCV, Marine x2  
  48  4:57  Liberator  
  48  4:58  Marine  
  52  5:04  SCV  
  53  5:08  SCV  
  53  5:12  Marine  
  55  5:14  Marine x2  
  55  5:16  Medivac  
  52  5:36  Marine x3  
  52  5:37  Siege Tank, Marine  
  49  5:44  SCV  
  49  5:45  SCV  
  41  5:54  Marine  
  41  5:56  SCV  
  40  5:57  SCV  
  38  6:09  Marine x3  
  35  6:12  Marine  
  32  6:24  SCV x2  
  27  6:27  Marine x3  
  27  6:30  Marine  
  30  6:36  SCV x2  
  31  6:45  Marine  
  28  6:48  Marine  
  28  6:55  Marine  
  27  7:12  Marine  
  28  7:17  Marine x3  
  28  7:20  SCV  
  28  7:22  SCV  
  33  7:27  Medivac  
  35  7:31  Viking  
  35  7:32  SCV  
  35  7:34  SCV, Siege Tank  
  42  7:44  SCV  
  42  7:46  SCV  
  42  7:48  Marine x4  
  48  7:56  SCV  
  49  7:58  SCV  
  50  8:06  Marine x4  
  50  8:08  SCV  
  50  8:11  SCV  
  56  8:21  SCV  
  56  8:22  Command Center  
  56  8:24  Marine  
  58  8:27  Marine  
  61  8:37  Barracks Reactor, Barracks Tech Lab  
  59  8:41  Marine  
  59  8:42  SCV x2  
  59  8:45  Marine  
  63  8:49  Supply Depot  
  63  8:50  Supply Depot  
  63  8:51  Siege Tank  
  63  8:53  Liberator  
  63  8:54  SCV  
  67  8:59  Marine  
  67  9:02  Marine  
  68  9:04  Marine  
  70  9:13  Supply Depot  
  73  9:17  Marine  
  73  9:20  Marine  
  73  9:22  Marine  
  61  9:32  Marine x2  
  61  9:35  Marine  
  61  9:38  SCV, Marine  
  63  9:39  SCV  
  63  9:40  Marine  
  67  9:49  Marine  
  67  9:50  SCV  
  67  9:51  SCV  
  67  9:52  Supply Depot  
  70  9:57  Marine  
  71  10:01  Siege Tank  
  71  10:03  SCV x2  
  76  10:15  SCV, Marine x4  
  76  10:18  Marauder  
  76  10:20  SCV  
  84  10:26  Refinery  
  84  10:28  Refinery  
  84  10:33  Siege Tank, Marine x4  
  91  10:39  Marine  
  91  10:50  Marine  
  91  10:51  Marine  
  93  10:57  Marine x3  
  96  11:05  Siege Tank  
  96  11:08  Marine  
  95  11:16  Marine  
  95  11:17  Marine x3  
  99  11:26  Marine  
  100  11:34  Marine  
  100  11:38  Marine x3  
  100  11:39  Supply Depot  
  104  11:40  Supply Depot  
  90  12:22  Marine x5  
  66  12:38  SCV x2  
  66  12:39  Marine  
  66  12:40  Marine x4  
  70  12:49  Orbital Command  
  70  12:50  SCV  
  70  12:51  SCV  
  72  12:53  Engineering Bay  
  72  12:55  Engineering Bay  
  72  12:57  Marine  
  73  13:02  Armory, SCV  
  73  13:03  SCV  
  63  13:13  Marine x4  
  63  13:14  SCV  
  63  13:15  SCV  
  65  13:22  SCV  
  65  13:26  Terran Infantry Weapons Level 1, Terran Infantry Armor Level 1  
  65  13:27  SCV x2  
  67  13:32  Combat Shields  
  67  13:34  SCV  
  69  13:35  Marine x5  
  69  13:37  Medivac  
  69  13:38  Medivac  
  69  13:40  Factory  
  78  13:42  Barracks  
  78  13:49  Missile Turret  
  78  13:53  Marine  
  79  14:00  Missile Turret  
  79  14:01  Marine  
  79  14:02  Marine x3  
  83  14:09  Missile Turret  
  83  14:10  Marine  
  84  14:20  Orbital Command  
  84  14:21  Marine x4  
  84  14:22  Missile Turret  
  84  14:23  Siege Tank  
  91  14:28  Marine  
  92  14:32  Factory Tech Lab, Missile Turret  
  92  14:33  Barracks Reactor  
  92  14:39  Marine  
  92  14:42  Missile Turret  
  92  14:44  Missile Turret  
  93  14:51  Terran Vehicle Weapons Level 1  
  93  14:55  Siege Tank  
  96  15:04  Siege Tank  
  96  15:05  Marine x2  
  101  15:13  Marine x3  
  104  15:20  Marine x2  
  106  15:27  Siege Tank  
  104  15:36  Siege Tank  
  106  15:50  Marine x7  
  113  16:00  Siege Tank  
  116  16:08  Siege Tank, Marine x7  
  126  16:25  Marine  
  126  16:26  Marine x6  
  126  16:30  Liberator x2  
  131  16:43  Marine  
  131  16:44  Orbital Command  
  132  16:48  Siege Tank  
  132  16:52  Starport  
  141  16:56  Sensor Tower  
  141  16:59  Terran Infantry Weapons Level 2  
  141  17:10  Sensor Tower  
  132  17:30  Viking x2  
  132  17:35  Marine  
  132  17:36  Marine x6  
  92  17:53  Marine x4  
  92  17:54  Marine x2  
  92  17:56  Refinery  
  92  17:58  Refinery  
  98  17:59  Barracks  
  98  18:00  Barracks  
  92  18:16  SCV  
  92  18:17  SCV x2  
  95  18:24  Viking x2  
  95  18:25  Marine  
  95  18:26  Marine x2  
  102  18:29  SCV x3  
  105  18:36  Refinery x2  
  105  18:37  Liberator x2  
  105  18:48  Barracks Reactor x2  
  111  19:03  Siege Tank  
  111  19:04  Siege Tank  
  117  19:11  Marine x4  
  117  19:12  Marine  
  122  19:19  Liberator  
  122  19:20  Liberator  
  118  19:36  Siege Tank  
  127  19:49  Marine  
  127  19:50  Marine x10  
  138  20:02  Liberator x2  
  133  20:07  Marine x4  
  133  20:26  Marine  
  133  20:27  Marine x4  
  128  21:00  Marine x3  
Tags
 
Add a new tag
Caveats
  • Supply blocks, unpowered buildings, or Contaminate may cause inaccurate times.
  • Supply counts are checked every 10 seconds.